 Dungeon Crawl Stone Soup version 0.24.1 (webtiles) character file.

Game seed: 8559584452615784350, levelgen mode: deterministic

331 nightchill the Stinger (level 6, -6/35 HPs)
             Began as a Gargoyle Venom Mage on Mar 25, 2020.
             Was an Initiate of Okawaru.
             Splashed by a jelly's acid (7 damage)
             ... on level 5 of the Dungeon on Mar 26, 2020.
             The game lasted 00:22:02 (6010 turns).

nightchill the Stinger (Gargoyle Venom Mage)        Turns: 6010, Time: 00:22:02

Health: -6/35      AC:  3    Str: 14    XL:     6   Next: 52%
Magic:  9/9        EV: 12    Int: 15    God:    Okawaru [......]
Gold:   232        SH:  0    Dex: 10    Spells: 3/9 levels left

rFire    . . .     SeeInvis .   e - +0 club
rCold    + . .     Gourm    .   (no shield)
rNeg     + . .     Faith    .   a - +0 robe
rPois    ∞         Spirit   .   y - +0 helmet of the Swan {+Inv rC+}
rElec    +         Reflect  .   (no cloak)
rCorr    .         Harm     .   (no gloves)
MR       .....                  (no boots)
Stlth    ++........             (no amulet)
HPRegen  0.11/turn              (no ring)
MPRegen  0.11/turn              (no ring)

@: corroded
A: negative energy resistance 1, electricity resistance, unbreathing,
petrification resistance, rot immunity, AC +4
a: Renounce Religion, Evoke Invisibility


You were on level 5 of the Dungeon.
You worshipped Okawaru.
Okawaru was noncommittal.
You were not hungry.

You visited 2 branches of the dungeon, and saw 6 of its levels.

You collected 232 gold pieces.

Inventory:

Hand Weapons
 e - a +0 club (weapon)
 n - a +0 hunting sling
Missiles
 d - 122 stones (quivered)
 B - 79 sling bullets
Armour
 a - a +0 robe (worn)
 k - a +0 helmet
 y - the +0 helmet of the Swan (worn) {+Inv rC+}
   (You took it off Robin on level 3 of the Dungeon)

   It protects you from cold.
   It lets you turn invisible.
 z - a cursed +0 leather armour
Jewellery
 j - an uncursed ring of flight {unknown}
 C - a cursed ring of attention {unknown}
Wands
 x - a wand of random effects (30)
 D - a wand of acid (8)
Scrolls
 g - a scroll of immolation
 m - 2 scrolls of teleportation
 r - a scroll of blinking
Potions
 b - a potion of berserk rage {unknown}
 i - 2 potions of might
 l - a potion of ambrosia {unknown}
 o - a potion of lignification {unknown}
 p - a potion of haste
 u - 3 potions of agility
 w - a potion of invisibility {unknown}
 A - a potion of curing
Comestibles
 c - 9 rations
 f - a chunk of flesh


   Skills:
 + Level 2.3 Fighting
 * Level 2.2 Maces & Flails
 - Level 1.5 Dodging
 - Level 2.1 Stealth
 - Level 2.0 Spellcasting
 - Level 4.2 Conjurations
 + Level 4.7 Poison Magic
 + Level 0.0 Invocations


You had 3 spell levels left.
You knew the following spells:

 Your Spells              Type           Power        Failure   Level  Hunger
a - Sting                 Conj/Pois      ###.         3%          1    #......
b - Poisonous Vapours     Pois/Air       #.....       13%         2    ###....
c - Mephitic Cloud        Conj/Pois/Air  ##......     19%         3    ###....

Your spell library contained the following spells:

 Spells                   Type           Power        Failure   Level  Hunger
 Olgreb's Toxic Radiance  Pois           ###.....     30%         4    #####..
 Venom Bolt               Conj/Pois      ###.......   67%         5    ######.


Dungeon Overview and Level Annotations

Branches:
Dungeon (5/15)             Temple (1/1) D:4

Altars:
Ashenzari
Cheibriados
Dithmenos
Elyvilon
Gozag
Hepliaklqana
Kikubaaqudgha
Nemelex Xobeh
Okawaru
Ru
Sif Muna
Vehumet
Wu Jian
Xom
Zin
The Shining One

Annotations:
D:3 exclusion: downstairs


Innate Abilities, Weirdness & Mutations

You are resistant to torment.
Your stone body is resilient. (AC +4)
You are immune to poison.
You resist negative energy. (rN+)
You are resistant to electric shocks. (rElec)
You can survive without breathing.
You are immune to petrification.
You are immune to rotting.


Message History

The jelly is moderately wounded.
The jelly misses you.
You hit the jelly.
Your hands burn!
The jelly is heavily wounded.
The jelly hits you.
You are splashed with acid!
The jelly misses you.
You hit the jelly but do no damage. The acid corrodes you!
Your hands burn!
The jelly is heavily wounded.
The jelly hits you.
You are splashed with acid!
* * * LOW HITPOINT WARNING * * *
Okay, then.
Evoke which item? (* to show all) (? for menu, Esc to quit)
Aiming: Corrosive Bolt
Press: ? - help, Shift-Dir - straight line, f - jelly
Aim: a jelly (heavily wounded)
The bolt of acid hits the jelly.
The jelly completely resists.
The jelly is heavily wounded.
The jelly hits you.
* * * LOW HITPOINT WARNING * * *
You are splashed with acid!
You die...

##+## #...# ..
+?..# ...
#...##...
#........
#........
...#####....(.<.
.......@........
.#.#####J.......
#........
.........
#.........
....######
.....# .....#
[....$.


You could see a jelly.

Vanquished Creatures
  A scorpion (D:2)
  A howler monkey (D:2)
  Terence (D:3)
  Ijyb (D:3)
  A worker ant (D:5)
  Robin (D:3)
  A gnoll (D:1)
  4 adders
  An ooze (D:3)
  An adder zombie (D:5)
  6 worms
  A dart slug (D:3)
  3 leopard geckos
  5 orcs
  3 giant cockroaches
  13 goblins
  11 hobgoblins
  6 jackals
  A quokka (D:2)
  A ball python (D:3)
  9 bats
  2 frilled lizards (D:1)
  8 kobolds
  9 rats
91 creatures vanquished.

Notes
Turn   | Place    | Note
-------+----------+-------------------------------------------
     0 | D:1      | nightchill the Gargoyle Venom Mage began the quest for the
                  | Orb.
     0 | D:1      | Reached XP level 1. HP: 10/10 MP: 3/3
   375 | D:1      | Reached XP level 2. HP: 16/16 MP: 5/5
   385 | D:1      | Learned a level 2 spell: Poisonous Vapours
   593 | D:1      | Reached XP level 3. HP: 20/20 MP: 1/6
  1205 | D:1      | Reached skill level 1 in Fighting
  1365 | D:1      | Learned a level 3 spell: Mephitic Cloud
  1977 | D:2      | Noticed a scorpion
  1995 | D:2      | Killed a scorpion
  1995 | D:2      | Reached skill level 1 in Maces & Flails
  1995 | D:2      | Reached XP level 4. HP: 20/25 MP: 0/7
  2153 | D:2      | Found a faded altar of an unknown god.
  2208 | D:2      | Reached XP level 5. HP: 29/29 MP: 0/8
  2796 | D:3      | Found an ancient bone altar of Kikubaaqudgha.
  3425 | D:3      | Noticed Terence
  3546 | D:3      | Killed Terence
  3736 | D:3      | Identified the cursed +0 helmet of the Swan {+Inv rC+}
  3736 | D:3      | Noticed Robin
  3764 | D:3      | Killed Robin
  3764 | D:3      | Reached XP level 6. HP: 26/35 MP: 3/9
  4310 | D:3      | Noticed Ijyb
  4330 | D:3      | Killed Ijyb
  4848 | D:4      | Found a staircase to the Ecumenical Temple.
  4872 | Temple   | Entered the Ecumenical Temple
  4877 | Temple   | Became a worshipper of Warmaster Okawaru
  5537 | D:4      | Found a shadowy altar of Dithmenos.
  5537 | D:4      | Noticed a phantom
  5895 | D:5      | Entered Level 5 of the Dungeon
  6010 | D:5      | HP: 1/35 [jelly (1)]
  6010 | D:5      | Splashed by a jelly's acid

Levels and vault maps discovered:
D:1:      dpeg_arrival_boxes_within_box, layout_basic, serial_curves,
          eino_curves_02, eino_curves_02
D:2:      layout_rooms, chequers_ecumenical_altar_island,
          kennysheep_generic_room_14
D:3:      layout_loops_corners, lemuel_crystal_altar, first_ration,
          minmay_fractal_squares_diagonal_5, uniq_terence, uniq_robin, uniq_ijyb
D:4:      layout_basic, nicolae_overflow_hidden_temple,
          minmay_temple_entry_statues_pillars, grunt_dithmenos_shadows
D:5:      layout_basic, dk_noncrumbling_3
Temple:   minmay_freezing_vapour_temple

Skill      XL: |  1  2  3  4  5  6 |
---------------+-------------------+-----
Conjurations   | 2 3 4 |  4.2
Fighting       | 1 2 |  2.3
Maces & Flails | 1 2 |  2.2
Poison Magic   | 4 |  4.7
Dodging        | |  1.5
Stealth        | |  2.1
Spellcasting   | |  2.0

Action                   |  1- 3 |  4- 6 || total
-------------------------+-------+-------++-------
Melee: Unarmed           |    10 |       ||    10
       Club              |    86 |   331 ||   417
Throw: Stone             |       |     1 ||     1
 Cast: Sting             |     9 |     5 ||    14
       Poisonous Vapours |    12 |    25 ||    37
       Mephitic Cloud    |       |    12 ||    12
Evoke: Wand              |       |     1 ||     1
  Use: Scroll            |       |     9 ||     9
 Stab: Sleeping          |     1 |     2 ||     3
       Confused          |       |    15 ||    15
  Eat: Chunk             |     4 |    18 ||    22
Armor: Robe              |    32 |   106 ||   138
Dodge: Dodged            |    82 |   252 ||   334
